 Dungeon Crawl Stone Soup version 0.27-a0-681-g0c81a3c1c3 (webtiles) character file.

Game seed: 10919370231688182611

175 robertstho the Skirmisher (level 5, -3/55 HPs)
             Began as an Octopode Berserker on Mar 19, 2021.
             Was a Believer of Trog.
             Slain by a gnoll
             ... wielding a +0 flail
              (10 damage)
             ... on level 3 of the Dungeon.
             The game lasted 00:03:48 (2923 turns).

robertstho the Skirmisher (Octopode Berserker)      Turns: 2923, Time: 00:03:50

Health: -3/55      AC:  1    Str: 16    XL:     5   Next: 55%
Magic:  5/5        EV: 11    Int:  9    God:    Trog [**....]
Gold:   165        SH:  7    Dex: 13    Spells: 4/4 levels left

rFire    . . .     SeeInvis .   b - +1 dagger
rCold    . . .     Faith    .   l - +0 kite shield
rNeg     . . .     Spirit   .   (helmet restricted)
rPois    .         Reflect  .   (no amulet)
rElec    .         Harm     .   (no ring)
rCorr    .         Rampage  .   (no ring)
Will     .....                  (no ring)
Stlth    ..........             (no ring)
HPRegen  0.18/turn              (no ring)
MPRegen  0.09/turn              (no ring)
                                (no ring)
                                (no ring)

@: berserking, lethally poisoned (-3 -> -8), very quick
A: almost no armour, amphibious, 8 rings, camouflage 1, gelatinous body 1,
nimble swimmer 1, tentacles
a: Renounce Religion, Berserk, Trog's Hand


You were on level 3 of the Dungeon.
You worshipped Trog.
Trog was pleased with you.
You visited 1 branch of the dungeon, and saw 3 of its levels.

You collected 165 gold pieces.

Inventory:

Hand Weapons
 b - a +1 dagger (weapon)
Armour
 l - a +0 kite shield (worn)
Jewellery
 a - a ring of flight
 m - a ring of willpower
Scrolls
 c - a scroll of enchant weapon
 e - 2 scrolls of blinking
 f - a scroll of immolation {unknown}
 j - a scroll of teleportation {unknown}
Potions
 d - a potion of curing
 g - a potion of flight {unknown}
 h - a potion of attraction {unknown}
 i - a potion of mutation {unknown}
 k - a potion of brilliance


   Skills:
 * Level 4.1 Fighting
 + Level 1.1 Short Blades
 + Level 3.7 Dodging
 + Level 3.0 Stealth
 * Level 3.9 Unarmed Combat


You had 4 spell levels left.
You didn't know any spells.
Your spell library was empty.

Dungeon Overview and Level Annotations

Branches:
Dungeon (3/15)

Altars:
Yredelemnul


Innate Abilities, Weirdness & Mutations

You cannot wear most types of armour.
You are amphibious.
You can wear up to eight rings at the same time.
Your skin changes colour to match your surroundings (Stealth+).
Your rubbery body absorbs attacks. (AC +1, EV +1)
You are stealthy while swimming. (Stealth+)
You have tentacles for arms and can constrict up to eight enemies at once.


Message History

You closely miss the gnoll. You grab the gnoll. You squeeze the gnoll!
The gnoll is severely wounded.
You constrict the gnoll. The gnoll closely misses you.
You puncture the gnoll!
You kill the gnoll!
Trog accepts your kill. The adder closely misses you.
The adder barely misses you.
Your Short Blades skill increases to level 1!
You hit the adder. Your grab misses the adder. Your squeeze misses the adder.
The adder is heavily wounded.
The adder bites you. The adder barely misses you. The gnoll barely misses you.
You closely miss the adder. Your grab misses the adder.
Your squeeze misses the adder.
The adder is heavily wounded.
The adder bites you. The adder barely misses you.
You are too injured to fight recklessly!
You are too injured to fight recklessly!
You are too injured to fight recklessly!
Unknown command.
You are too injured to fight recklessly!
Unknown command.
You are too injured to fight recklessly!
Unknown command.
You closely miss the adder. You grab the adder. You squeeze the adder.
You kill the adder!
Trog accepts your kill. The gnoll hits you with a +0 flail!
* * * LOW HITPOINT WARNING * * *
The adder bites you.
* * * LOW HITPOINT WARNING * * *
You are poisoned.
The adder poisons you!
Your Stealth skill increases to level 3!
You hit the gnoll. You grab the gnoll.
The gnoll is moderately wounded.
You constrict the gnoll.
You feel sick. The adder bites you.
* * * LOW HITPOINT WARNING * * *
You are more poisoned.
The adder poisons you! The gnoll hits you with a +0 flail!
You die...

......### #........
#.###..######.#... #.# #..
..#.....# ..# #### #........ ..
.####.# #...... ..### ..##..#
##.#...# #####.....# .<#...#
#....#.)###..........
......###...# #g@S...........
..#..###...####.#..............#
..#.......)....................#
......#.#.######...............#
........#......................#
..##.#....#######..............
...#..)...# #.............#
.#...##..## #..........[.##
.....#...## ###.........<.#


You could see a gnoll and an adder.

Vanquished Creatures
  2 gnolls (D:3)
  9 adders
  2 oozes
  A worm (D:3)
  A leopard gecko (D:1)
  An orc (D:3)
  3 ball pythons
  2 giant cockroaches (D:3)
  10 goblins
  5 hobgoblins
  8 jackals (D:1)
  2 quokkas (D:1)
  6 bats
  7 kobolds
  5 rats
64 creatures vanquished.

Notes
Turn   | Place    | Note
-------+----------+-------------------------------------------
     0 | D:1      | robertstho the Octopode Berserker began the quest for the
                  | Orb.
     0 | D:1      | Reached XP level 1. HP: 16/16 MP: 1/1
   363 | D:1      | Reached XP level 2. HP: 21/21 MP: 2/2
   543 | D:1      | Reached XP level 3. HP: 17/26 MP: 3/3
  1495 | D:2      | Reached skill level 1 in Stealth
  1584 | D:2      | Reached XP level 4. HP: 29/33 MP: 4/4
  2479 | D:3      | Reached ** piety under Trog
  2540 | D:3      | Reached skill level 4 in Fighting
  2620 | D:3      | Found a faded altar of an unknown god.
  2652 | D:3      | Reached XP level 5. HP: 31/37 MP: 5/5
  2871 | D:3      | Found a basalt altar of Yredelemnul.
  2920 | D:3      | Reached skill level 1 in Short Blades
  2923 | D:3      | Slain by a gnoll

Illustrated notes

Levels and vault maps discovered:
D:1:      minmay_arrival_four_loops, layout_loops_ring, hex_large
D:2:      layout_loops_ring
D:3:      layout_rooms, general_overflow_altar,
          chequers_ecumenical_altar_simple_redux, dk_vineyard_2

Skill      XL: |  1  2  3  4  5 |
---------------+----------------+-----
Stealth        | 1 2 3 |  3.0
Fighting       | 4 |  4.1
Short Blades   | 1 |  1.1
Dodging        | |  3.7
Unarmed Combat | |  3.9

Action                   |  1- 3 |  4- 6 || total
-------------------------+-------+-------++-------
Melee: Unarmed           |    20 |       ||    20
       Constrict         |    16 |    15 ||    31
       Tentacles         |    12 |    10 ||    22
       Dagger            |    54 |    57 ||   111
       Punch             |     2 |     1 ||     3
Invok: Berserk           |     3 |     6 ||     9
  Use: Scroll            |       |     4 ||     4
 Stab: Sleeping          |     7 |     6 ||    13
Armor: Skin              |     7 |     5 ||    12
Dodge: Dodged            |    54 |    50 ||   104
Block: Kite shield       |       |     5 ||     5

Table legend: (Time is in decaauts)
 A = Elapsed time spent in this place.
 B = Non-inter-level travel time spent in this place.
 C = Inter-level travel time spent in this place.
 D = Time resting spent in this place.
 E = Time spent auto-exploring this place.
 F = Levels seen in this place.
 G = Mean time per level.
                   A        B        C        D        E       F      G
               +--------+--------+--------+--------+--------+-----+--------+
         Total |   3002 |   2945 |     57 |      0 |   2560 |   3 | 1000.7 |
       Dungeon |   3002 |   2945 |     57 |      0 |   2560 |   3 | 1000.7 |
               +--------+--------+--------+--------+--------+-----+--------+

Top non-repeatable levels by time:
     D:1: 1441 daAuts
     D:2: 1061 daAuts
     D:3: 499 daAuts
